Map: 永恒帝国-天梯版

Players

JieShi - Winner!

  • Race: Protoss Protoss

夜蝶蝶蝶蝶蝶蝶蝶 (Firefly)

  • Race: Protoss Protoss

Event: DreamHack SC2 Masters 2020 Summer China

VOD

Have the link to the VOD?

Description

Time

  • Played on: July 2, 2020, 7:15 a.m.
  • Length: 11:07

All games in this series

Show
View Real Time Build Order
Export as new Build Order

JieShi Protoss - Winner!

Build Orders: Mass Adepts 

Get SALT Encoding   

  12  0:00  Probe  
  13  0:13  Probe  
  14  0:17  Pylon  
  14  0:23  Probe  
  15  0:32  Probe  
  15  0:36  Gateway  
  15  0:40  Probe  
  16  0:47  Assimilator  
  17  0:51  Probe  
  17  0:55  Assimilator  
  18  1:03  Probe  
  19  1:08  Gateway  
  19  1:12  Probe  
  20  1:20  Probe  
  20  1:24  Cybernetics Core  
  21  1:29  Probe  
  22  1:38  Pylon  
  22  1:42  Probe  
  23  1:50  Warp Gate  
  23  1:56  Probe  
  24  2:01  Adept x2  
  28  2:09  Pylon  
  28  2:16  Pylon  
  28  2:22  Shield Battery  
  28  2:31  Adept x2  
  32  2:48  Nexus  
  32  2:55  Shield Battery  
  32  3:01  Adept  
  34  3:07  Adept  
  34  3:10  Probe  
  37  3:22  Probe  
  37  3:25  Pylon  
  38  3:34  Probe  
  38  3:44  Adept  
  38  3:45  Adept  
  38  3:46  Probe  
  43  3:51  Twilight Council  
  43  3:56  Probe x2  
  45  4:04  Probe  
  45  4:07  Sentry  
  45  4:08  Adept  
  45  4:09  Probe  
  50  4:12  Resonating Glaives  
  50  4:14  Probe  
  52  4:18  Pylon  
  52  4:21  Probe  
  53  4:26  Probe  
  54  4:33  Probe  
  55  4:38  Probe  
  55  4:44  Adept x2  
  55  4:45  Probe  
  60  4:50  Probe  
  59  4:56  Dark Shrine  
  59  4:57  Probe  
  59  5:02  Probe  
  58  5:09  Probe  
  58  5:12  Gateway  
  59  5:15  Probe  
  59  5:20  Adept x2  
  64  5:24  Probe  
  64  5:27  Assimilator, Probe  
  66  5:31  Assimilator  
  66  5:35  Pylon  
  66  5:36  Probe  
  66  5:37  Robotics Facility  
  67  5:46  Probe  
  68  5:50  Pylon  
  68  5:52  Probe  
  69  5:58  Probe  
  70  6:05  Blink, Pylon  
  70  6:07  Dark Templar  
  70  6:08  Dark Templar x2  
  76  6:17  Gateway  
  76  6:18  Gateway  
  76  6:19  Observer  
  74  6:28  Probe x2  
  70  6:40  Adept, Probe  
  70  6:42  Adept  
  73  6:53  Probe  
  68  6:56  Dark Templar  
  68  7:01  Probe  
  67  7:05  Probe  
  68  7:13  Probe  
  65  7:17  Probe  
  62  7:25  Probe  
  62  7:29  Immortal, Probe  
  62  7:38  Probe  
  62  7:40  Sentry  
  62  7:41  Sentry, Stalker, Probe  
  62  7:42  Stalker  
  76  7:50  Probe  
  76  7:52  Dark Templar  
  76  7:58  Gateway  
  78  8:04  Warp Prism  
  78  8:11  Gateway x2  
  76  8:39  Immortal  
  76  8:40  Probe x2  
  71  8:46  Sentry, Stalker x3  
  78  8:58  Stalker  
  78  9:12  Stalker x4  
  78  9:15  Pylon  
  86  9:18  Pylon  
  86  9:20  Pylon  
  86  9:29  Immortal  
  86  9:36  Stalker x2  
  86  9:37  Stalker x2, Observer  
  96  9:51  Stalker x2, Observer  
  96  9:52  Stalker  
  94  10:17  Stalker x3  
  94  10:19  Stalker x2  
  102  10:23  Observer  
  102  10:26  Stalker x2  
  96  10:45  Sentry x2  
  96  10:46  Stalker x3  
  106  10:51  Stalker  
  102  10:59  Stalker  
Show
View Real Time Build Order
Export as new Build Order

夜蝶蝶蝶蝶蝶蝶蝶 Protoss 

Build Orders: Phoenix Opening 

Get SALT Encoding   

  12  0:00  Probe  
  13  0:12  Probe  
  14  0:17  Pylon  
  14  0:24  Probe  
  15  0:35  Probe  
  15  0:36  Gateway  
  16  0:43  Probe  
  16  0:49  Assimilator  
  17  0:53  Probe  
  18  0:57  Assimilator  
  18  1:05  Probe  
  19  1:11  Gateway  
  19  1:17  Probe  
  20  1:25  Cybernetics Core  
  20  1:28  Probe  
  21  1:36  Probe  
  21  1:38  Pylon  
  21  1:45  Probe  
  24  2:02  Stalker x2  
  24  2:05  Warp Gate  
  27  2:17  Pylon  
  27  2:26  Pylon  
  27  2:37  Stalker x2  
  30  3:00  Nexus  
  30  3:04  Probe  
  31  3:08  Sentry  
  31  3:12  Sentry  
  35  3:16  Probe  
  36  3:22  Shield Battery  
  36  3:28  Probe  
  37  3:42  Probe  
  37  3:45  Pylon  
  38  3:55  Phoenix  
  38  3:58  Probe  
  39  4:04  Adept x2  
  39  4:09  Twilight Council  
  43  4:11  Probe  
  43  4:14  Gateway  
  43  4:16  Probe  
  45  4:25  Stalker  
  45  4:28  Probe  
  48  4:35  Stalker  
  48  4:38  Probe  
  51  4:43  Blink  
  51  4:44  Probe  
  52  4:46  Gateway  
  50  4:55  Probe  
  50  4:58  Stalker  
  50  4:59  Stalker  
  53  5:02  Probe  
  54  5:09  Pylon  
  54  5:13  Probe  
  55  5:14  Probe  
  56  5:23  Probe  
  56  5:24  Adept  
  56  5:25  Phoenix  
  56  5:27  Adept, Probe  
  61  5:30  Robotics Facility  
  62  5:39  Pylon  
  62  5:44  Forge  
  62  5:48  Pylon  
  62  5:57  Probe x2  
  62  5:59  Gateway  
  62  6:00  Gateway  
  62  6:02  Assimilator  
  64  6:09  Probe x2  
  66  6:17  Gateway  
  66  6:19  Stalker, Observer  
  66  6:25  Stalker  
  71  6:26  Protoss Ground Weapons Level 1  
  71  6:33  Observer  
  69  6:45  Stalker  
  63  6:57  Stalker x3  
  64  7:07  Probe  
  60  7:14  Pylon  
  58  7:16  Stalker  
  58  7:17  Probe  
  58  7:19  Probe  
  58  7:21  Adept  
  64  7:29  Probe  
  65  7:36  Probe  
  63  7:37  Probe  
  65  7:44  Probe  
  65  7:45  Probe  
  65  7:50  Adept  
  69  7:53  Probe  
  69  7:55  Nexus, Probe  
  71  8:00  Shield Battery  
  71  8:03  Probe  
  71  8:04  Probe  
  71  8:11  Assimilator, Probe  
  73  8:16  Stalker  
  70  8:27  Pylon  
  70  8:30  Probe x2  
  69  8:42  Probe  
  69  8:45  Probe  
  67  8:54  Probe  
  68  8:55  Pylon  
  68  9:04  Sentry x2  
  68  9:05  Sentry, Stalker  
  68  9:09  Probe x3  
  79  9:18  Shield Battery  
  79  9:24  Pylon x2  
  79  9:26  Probe, Pylon  
  79  9:27  Probe  
  79  9:29  Shield Battery  
  79  9:30  Observer  
  81  9:32  Stalker  
  81  9:37  Shield Battery, Probe  
  83  9:38  Probe  
  82  9:49  Stalker  
  82  9:50  Sentry x2  
  88  9:59  Immortal  
  88  10:00  Stalker  
  94  10:17  Stalker x2  
  94  10:18  Stalker  
  90  10:31  Stalker  
  89  10:43  Stalker x3  
  95  10:56  Stalker  
Tags
 
Add a new tag
Caveats
  • Supply blocks, unpowered buildings, or Contaminate may cause inaccurate times.
  • Supply counts are checked every 10 seconds.